 Dungeon Crawl Stone Soup version 0.17.1-1-g73c8601 (webtiles) character file.

116 sphynx the Skirmisher (level 5, -17/46 HPs)
             Began as a Hill Orc Fighter on Jan 2, 2016.
             Killed from afar by a jackal (35 damage)
             ... with an exploding inner flame
             ... hexed by the player character
             ... on level 3 of the Dungeon.
             The game lasted 00:18:31 (1917 turns).

sphynx the Skirmisher (Hill Orc Fighter)            Turns: 1917, Time: 00:18:37

Health: -17/46     AC:  6    Str: 20    XL:     5   Next: 1%
Magic:  5/5        EV: 13    Int:  8    God:
Gold:   96         SH:  9    Dex: 10    Spells: 0 memorised, 4 levels left

rFire  . . .     SeeInvis .     a - +1 war axe
rCold  . . .     Clarity  .     b - +0 scale mail
rNeg   . . .     SustAt   .     c - +0 shield
rPois  .         Gourm    .     (no helmet)
rElec  .         Spirit   .     (no cloak)
rCorr  .         Warding  .     (no gloves)
rMut   .         Stasis   .     (no boots)
MR     .....                    (no amulet)
Stlth  ..........               (no ring)
                                o - +5 ring of evasion

@: not resistant to hostile enchantments, extremely unstealthy
A: no striking features
a: Convert to Beogh


You were on level 3 of the Dungeon.
You were hungry.

You visited 1 branch of the dungeon, and saw 3 of its levels.

You collected 96 gold pieces.

Inventory:

Hand Weapons
 a - a +1 war axe (weapon)
 f - a +0 dagger
Armour
 b - a +0 scale mail (worn)
 c - a +0 shield (worn)
Jewellery
 o - a +5 ring of evasion (left hand)
 q - an uncursed ring of positive energy {unknown}
Scrolls
 k - a scroll of remove curse
 n - a scroll of identify
 t - 2 scrolls of magic mapping
Potions
 d - 3 potions of might
 l - 3 potions of curing
 r - a potion of brilliance
 s - a potion of poison {unknown}
 u - a potion of magic {unknown}
Comestibles
 e - 2 bread rations
 g - 2 meat rations
 j - 3 fruits
 m - a slice of pizza


   Skills:
 + Level 4.3 Fighting
 + Level 3.8 Axes
 + Level 3.5 Armour
 + Level 1.2 Dodging
 - Level 0.3 Stealth
 + Level 4.3 Shields


You had 4 spell levels left.
You didn't know any spells.

Dungeon Overview and Level Annotations

Branches:
Dungeon (3/15)

Altars:
Sif Muna


Message History

It is a scroll of identify.
Identify which item? (\ to view known items) (? for menu, Esc to quit)
p - a scroll of immolation You block the jackal's attack.
The orc priest closely misses you. You block the jackal's attack.
The jackal bites you but does no damage.
The orc barely misses you.
Read which item? (? for menu, Esc to quit)
As you read the scroll of immolation, it crumbles to dust.
The creatures around you are filled with an inner flame!
You block the jackal's attack.
The jackal bites you but does no damage.
The orc hits you but does no damage.
You miss the jackal. You slash the jackal!
The jackal explodes!
The fiery explosion engulfs the jackal.
The jackal explodes!
The fiery explosion engulfs you!
Ouch! That really hurt!
You die...

.. ..# #.# ##.##
#...# #
###...######
.####§#§o.........
#....§§@o.....#
.####§#o†..<..# #
###...### #...#
...)## .##..# #.
#... # #g### #.#


You could see an orc priest (inner flame) and 2 orcs.

Vanquished Creatures
  3 gnolls (D:2)
  3 adders (D:2)
  2 worms (D:2)
  A giant gecko (D:1)
  An orc (D:3)
  7 bats
  3 giant cockroaches
  3 goblins (D:1)
  6 hobgoblins
  2 jackals (D:1)
  9 kobolds
  2 quokkas (D:2)
  A ball python (D:1)
  4 giant newts
  9 rats
56 creatures vanquished.

Notes
Turn   | Place    | Note
--------------------------------------------------------------
     0 | D:1      | sphynx the Hill Orc Fighter began the quest for the Orb.
     0 | D:1      | Reached XP level 1. HP: 19/19 MP: 1/1
     2 | D:1      | Noticed a gargoyle
     2 | D:1      | Noticed a minotaur
     4 | D:1      | Noticed a vampire
     4 | D:1      | Noticed a formicid
     6 | D:1      | Noticed a human
     6 | D:1      | Noticed an elf
     8 | D:1      | Noticed a spriggan
     8 | D:1      | Noticed an octopode
    10 | D:1      | Noticed a vine stalker
    14 | D:1      | Noticed a draconian
    14 | D:1      | Noticed a dwarf
    16 | D:1      | Noticed a ghoul
    16 | D:1      | Noticed a centaur
    18 | D:1      | Noticed a tengu
    20 | D:1      | Noticed a demigod
    22 | D:1      | Noticed a troll
    22 | D:1      | Noticed a demonspawn
    24 | D:1      | Noticed a felid
    24 | D:1      | Noticed an ogre
    26 | D:1      | Noticed a naga
    26 | D:1      | Noticed a merfolk
    64 | D:1      | Reached XP level 2. HP: 22/27 MP: 2/2
   397 | D:1      | Reached skill level 4 in Fighting
   477 | D:1      | Reached XP level 3. HP: 33/33 MP: 3/3
  1003 | D:2      | Found a deep blue altar of Sif Muna.
  1048 | D:2      | Reached XP level 4. HP: 40/40 MP: 4/4
  1132 | D:2      | Reached skill level 1 in Dodging
  1907 | D:3      | Reached XP level 5. HP: 46/46 MP: 5/5
  1917 | D:3      | Killed from afar by a jackal

Action                   |  1- 3 |  4- 6 || total
-------------------------+-------+-------++-------
Melee: War axe           |   101 |    61 ||   162
  Use: Scroll            |     3 |     6 ||     9
       Potion            |       |     2 ||     2
  Eat: Chunk             |       |     3 ||     3
